Map: Eastwatch LE

Players

IIIIIIIIIIII - Winner!

  • Race: Zerg Zerg
  • League: Platinum
  • Spawn Location: 1:00

axu

  • Race: Protoss Protoss
  • League: Platinum
  • Spawn Location: 7:00

VOD

Have the link to the VOD?

Description

Time

  • Played on: March 23, 2018, 1:58 p.m.
  • Length: 9:15
Show
View Real Time Build Order
Export as new Build Order

IIIIIIIIIIII Zerg - Winner!

Build Orders: Hatch First 

Get SALT Encoding   

  12  0:01  Drone  
  13  0:08  Drone  
  14  0:16  Overlord  
  14  0:22  Extractor  
  14  0:23  Drone  
  15  0:35  Drone x2  
  17  0:46  Drone  
  18  0:59  Drone  
  19  1:09  Hatchery  
  18  1:11  Drone  
  18  1:17  Spawning Pool  
  18  1:19  Extractor  
  18  1:21  Drone  
  18  1:27  Drone  
  19  1:38  Drone  
  20  1:49  Overlord  
  20  1:57  Extractor  
  19  2:07  Drone, Roach Warren  
  19  2:14  Drone  
  20  2:22  Queen  
  20  2:23  Drone  
  23  2:30  Drone  
  23  2:33  Zergling x2  
  25  2:39  Spore Crawler  
  24  2:45  Overlord  
  24  2:49  Roach x2  
  28  3:03  Roach  
  30  3:11  Ravager x2  
  30  3:12  Overlord  
  32  3:15  Queen  
  34  3:24  Ravager  
  34  3:25  Roach  
  37  3:45  Roach x2  
  41  3:50  Queen  
  43  4:13  Drone  
  43  4:14  Drone x2  
  43  4:35  Spore Crawler  
  42  4:38  Spore Crawler  
  42  4:40  Spore Crawler  
  40  5:00  Lair  
  40  5:02  Drone  
  40  5:03  Drone x5  
  33  5:53  Roach x3  
  35  6:06  Roach  
  35  6:09  Metabolic Boost  
  35  6:10  Spire  
  36  6:13  Roach x3  
  40  6:36  Roach x3  
  40  6:37  Roach  
  40  6:38  Queen  
  50  6:45  Ravager  
  51  6:58  Roach  
  47  7:16  Glial Reconstitution  
  47  7:17  Queen  
  49  7:26  Mutalisk  
  49  7:28  Overlord x2  
  51  7:31  Drone, Extractor  
  51  7:32  Drone, Extractor  
  51  7:45  Ravager  
  42  7:53  Mutalisk x4  
  40  8:11  Mutalisk  
  42  8:13  Zergling x8  
  44  8:26  Extractor  
  43  8:27  Hatchery  
  43  8:30  Extractor  
  43  8:31  Queen  
  43  8:39  Drone x4  
  43  8:40  Drone  
Show
View Real Time Build Order
Export as new Build Order

axu Protoss 

Build Orders: 1 Gate Expand, Oracle Opening 

Get SALT Encoding   

  12  0:00  Probe  
  13  0:13  Probe  
  14  0:20  Pylon  
  14  0:25  Probe  
  15  0:38  Probe  
  15  0:39  Gateway  
  16  0:50  Probe (Chrono Boost)  
  16  0:54  Assimilator  
  17  1:02  Probe (Chrono Boost)  
  18  1:08  Probe (Chrono Boost)  
  19  1:22  Probe  
  20  1:35  Nexus  
  20  1:40  Probe  
  20  1:44  Cybernetics Core  
  21  1:48  Assimilator  
  21  1:54  Pylon  
  21  2:03  Probe (Chrono Boost)  
  23  2:15  Probe (Chrono Boost)  
  23  2:17  Warp Gate  
  23  2:20  Pylon  
  23  2:24  Adept  
  23  2:28  Probe  
  26  2:40  Probe  
  27  2:44  Stargate  
  27  2:47  Probe  
  28  2:52  Probe  
  29  2:59  Probe  
  29  3:00  Shield Battery  
  29  3:08  Probe  
  29  3:12  Probe  
  31  3:17  Shield Battery  
  31  3:22  Adept (Chrono Boost)  
  31  3:26  Probe  
  31  3:27  Probe  
  35  3:28  Oracle (Chrono Boost)  
  38  3:39  Probe x2  
  40  3:47  Gateway  
  40  3:49  Gateway  
  40  4:23  Void Ray (Chrono Boost)  
  37  4:24  Robotics Facility  
  36  4:33  Pylon  
  36  4:34  Pylon  
  29  4:52  Stalker x2  
  20  5:57  Probe x2  
  20  6:03  Cybernetics Core  
  25  6:04  Immortal  
  25  6:09  Probe  
  25  6:17  Zealot x2  
  22  6:40  Probe x2  
  24  6:52  Probe  
  21  6:57  Immortal (Chrono Boost)  
  24  7:08  Shield Battery  
  24  7:24  Probe x2  
  26  7:33  Stalker x2  
  26  7:36  Probe  
  22  7:57  Immortal  
  22  7:59  Probe x2  
  22  8:03  Zealot  
  26  8:11  Probe x2  
  28  8:14  Stalker  
  30  8:23  Probe  
  31  8:28  Stalker  
  31  8:46  Pylon  
  31  8:53  Observer  
  30  8:59  Stalker x2  
Tags
 
Add a new tag
Caveats
  • Supply blocks, unpowered buildings, or Contaminate may cause inaccurate times.
  • Supply counts are checked every 10 seconds.